 Dungeon Crawl Stone Soup version 0.28.0-47-ge53b351184 (webtiles) character file.

Game seed: 15945348928225437800

86 GigaChad the Vexing (level 4, 0/41 HPs)
             Began as a Troll Arcane Marksman on Apr 26, 2022.
             Was a Follower of the Shining One.
             Slain by a hobgoblin (3 damage)
             ... led by Robin
             ... on level 3 of the Dungeon.
             The game lasted 00:07:30 (1306 turns).

GigaChad the Vexing (Troll Arcane Marksman)         Turns: 1306, Time: 00:07:31

Health: 0/41       AC:  4    Str: 18    XL:     4   Next: 27%
Magic:  3/4        EV: 10    Int:  9    God:    the Shining One [*.....]
Gold:   82         SH:  0    Dex: 12    Spells: 1/5 levels left

rFire   . . .      SeeInvis .   a - +0 shortbow
rCold   . . .      Faith    .   (shield currently unavailable)
rNeg    . . .      Spirit   .   d - +0 robe
rPois   .          Reflect  .   (helmet restricted)
rElec   .          Harm     .   (no cloak)
rCorr   .          Rampage  .   (gloves unavailable)
Will    .....                   (boots unavailable)
Stlth   +.........              (no amulet)
HPRegen 0.93/turn               (no ring)
MPRegen 0.09/turn               (no ring)

@: very slightly contaminated, glowing
A: large, unfitting armour, claws 3, regeneration 1, shaggy fur 1, tough skin 1
a: Renounce Religion, Divine Shield


You were on level 3 of the Dungeon.
You worshipped the Shining One.
The Shining One was aware of your devotion.
You visited 1 branch of the dungeon, and saw 3 of its levels.

You collected 82 gold pieces.

Inventory:

Hand Weapons
 a - a +0 shortbow (weapon)
Missiles
 c - 27 arrows (quivered ammo)
Armour
 b - a +0 ring mail
 d - a +0 robe (worn)
 f - a +2 ring mail of willpower
Potions
 e - 2 potions of curing


   Skills:
 + Level 1.0 Fighting
 + Level 2.3 Bows
 + Level 2.0 Dodging
 + Level 1.1 Spellcasting
 + Level 2.4 Hexes


You had one spell level left.
You knew the following spells:

 Your Spells              Type           Power      Damage    Failure   Level
a - Slow                  Hex            16%        N/A       14%         1
b - Portal Projectile     Hex/Tloc       4%         N/A       56%         3

Your spell library contained the following spells:

 Spells                   Type           Power      Damage    Failure   Level
 Scorch                   Fire           0%         2d5       50%         2
 Inner Flame              Hex/Fire       2%         N/A       56%         3
 Cause Fear               Hex            2%         N/A       80%         4
 Flame Wave               Conj/Fire      0%         2d4       98%         4
 Summon Cactus Giant      Summ           0%         N/A       100%        6


Dungeon Overview and Level Annotations

Branches:
Dungeon (3/15)

Altars:
The Shining One

Annotations:
D:3 Robin


Innate Abilities, Weirdness & Mutations

You are too large for most types of armour.
You have claws for hands.
Your natural rate of healing is unusually fast.
You are covered in fur. (AC +1)
You have tough skin. (AC +1)


Message History

Unknown command.
Unknown command.
Unknown command.
Unknown command.
Unknown command.
Unknown command.
You aren't carrying any pieces of jewellery.
You are too injured to fight recklessly!
You are too injured to fight recklessly!
You are too injured to fight recklessly!
There are monsters nearby!
Casting: Portal Projectile (quite dangerous; 56% risk of failure)
Confirm with . or Enter, or press ? or * to list all spells.
The spell is quite dangerous to miscast (56% risk of failure)!
Continue anyway?
Okay, then.
Casting: Portal Projectile (quite dangerous; 56% risk of failure)
Confirm with . or Enter, or press ? or * to list all spells.
Aiming: Slow (safe; 14% risk of failure)
Press: ? - help, Shift-Dir - straight line, f - goblin, p - hobgoblin
Aim: a goblin, wielding a +0 dagger (strong, haloed, chance to affect: 57%)
You miscast Slow.
You are very lightly contaminated with residual magic.
Nothing appears to happen.
The hobgoblin completely misses you. The hobgoblin closely misses you.
The goblin closely misses you. The goblin hits you but does no damage.
You barely miss the goblin.
The goblin no longer looks unusually strong.
The hobgoblin hits you.
* * * LOW HITPOINT WARNING * * *
The hobgoblin closely misses you. The goblin hits you but does no damage.
The goblin hits you with a +0 dagger. The Shining One protects you from harm!
The hobgoblin hits you but does no damage.
The hobgoblin barely misses you.
You clumsily bash the goblin but do no damage.
The goblin misses you. The goblin hits you but does no damage.
The hobgoblin hits you.
* * * LOW HITPOINT WARNING * * *
The hobgoblin hits you.
You die...

..........######..#
...####.#..#####..# ..
#...†.........#
#.#.##..###...#
#.#.......#...# #
#.###.......######## ..#....
#.. #g...((.#....... ......#
#..##gg.(.(((.([.(.# ......#
#..#@gg.#.#.#(##.... ......#
#..#gg..#.#.#... . ......#
#.#..###..#.#.#..... ......#
#.#.. .........<..... ......#
#.#.####..###.########
......# ##.......... ...
..##### #..........###.# ..#
#.....# #..# .#
..########.....#####.##.#####


You could see Robin, 3 hobgoblins and 3 goblins.

Vanquished Creatures
  4 adders
  A worm (D:3)
  3 dart slugs
  4 bats
  4 endoplasms
  6 goblins
  5 hobgoblins
  3 quokkas
  2 ball pythons
  5 frilled lizards
  4 rats
41 creatures vanquished.

Vanquished Creatures (others)
  A fungus (D:3)
1 creature vanquished.

Grand Total: 42 creatures vanquished

Notes
Turn   | Place    | Note
-------+----------+-------------------------------------------
     0 | D:1      | GigaChad the Troll Arcane Marksman began the quest for the
                  | Orb.
     0 | D:1      | Reached XP level 1. HP: 18/18 MP: 1/1
    33 | D:1      | Found a faded altar of an unknown god.
    45 | D:1      | Prayed at the altar of an unknown god.
    45 | D:1      | Became a worshipper of the Shining One
    45 | D:1      | Reached * piety under the Shining One
   478 | D:2      | Reached XP level 2. HP: 26/26 MP: 2/2
   567 | D:2      | Reached XP level 3. HP: 32/32 MP: 1/3
  1170 | D:3      | Reached skill level 1 in Fighting
  1170 | D:3      | Reached XP level 4. HP: 37/41 MP: 4/4
  1219 | D:3      | Learned a level 3 spell: Portal Projectile
  1278 | D:3      | Noticed Robin
  1305 | D:3      | The Shining One protects you from harm!
  1306 | D:3      | Slain by a hobgoblin

Illustrated notes

Levels and vault maps discovered:
D:1:      dpeg_arrival_tiny_a, layout_loops_cross,
          hellmonk_ecumenical_altar_zigzags
D:2:      layout_rooms
D:3:      due_chaos_kobolds, layout_basic, minmay_misc_feat_plants, uniq_robin

Skill      XL: |  1  2  3  4 |
---------------+-------------+-----
Bows           | 2 |  2.3
Fighting       | 1 |  1.0
Dodging        | 2 |  2.0
Spellcasting   | |  1.1
Hexes          | |  2.4

Action                   |  1- 3 |  4- 6 || total
-------------------------+-------+-------++-------
Melee: Shortbow          |       |     3 ||     3
 Fire: Shortbow          |    90 |    25 ||   115
  Use: Scroll            |     2 |       ||     2
       Potion            |       |     1 ||     1
Armor: Robe              |    31 |    28 ||    59
Dodge: Dodged            |    39 |    36 ||    75
